Pick #1

Connor Bedard
Pick #2

Leo Carlsson
Pick #3

Adam Fantilli
Pick #4

Matvei Michkov
Pick #5

David Reinbacher
Pick #6

William Smith
Pick #7

Zachary Benson
Pick #8

Ryan Leonard
Pick #9

Gabriel Perreault
Pick #10

Axel Sandin-Pellika
Pick #11

Daniil But
Pick #12

Dalibor Dvorsky
Pick #13

Quentin Musty
Pick #14

Brayden Yager
Pick #15

Dmitry Simashev
Pick #16

Colby Barlow
Pick #17

Andrew Cristall
Pick #18

Easton Cowan
Pick #19

Jacob Fowler
Pick #20

Oliver Moore
Pick #21

Oliver Bonk
Pick #22

Tom Willander
Pick #23

Calum Ritchie
Pick #24

Tanner Molendyk
Pick #25

Gavin Brindley
Pick #26

Nate Danielson
Pick #27

Pick #28

Pick #29

Pick #30

Pick #31

Pick #32

Pick #33

Pick #34

Pick #35

Pick #36

Pick #37

Pick #38

Pick #39

Pick #40

Pick #41

Pick #42

Pick #43

Pick #44

Pick #45

Pick #46

Pick #47

Pick #48

Pick #49

Pick #50

Pick #51

Pick #52

Pick #53

Pick #54

Pick #55

Pick #56

Pick #57

Pick #58

Pick #59

Pick #60

Pick #61

Pick #62

Pick #63

Pick #64

Pick #65

Pick #66

Pick #67

Pick #68

Pick #69

Pick #70

Pick #71

Pick #72

Pick #73

Pick #74

Pick #75

Pick #76

Pick #77

Pick #78

Pick #79

Pick #80

Pick #81

Pick #82

Pick #83

Pick #84

Pick #85

Pick #86

Pick #87

Pick #88

Pick #89

Pick #90

Pick #91

Pick #92

Pick #93

Pick #94

Pick #95

Pick #96

Pick #97

Pick #98

Pick #99

Pick #100

Pick #101

Pick #102

Pick #103

Pick #104

Pick #105

Pick #106

Pick #107

Pick #108

Pick #109

Pick #110

Pick #111

Pick #112

Pick #113

Pick #114

Pick #115

Pick #116

Pick #117

Pick #118

Pick #119

Pick #120

Pick #121

Pick #122

Pick #123

Pick #124

Pick #125

Pick #126

Pick #127

Pick #128

Pick #129

Pick #130

Full Scoreboard »»

BlackHawks vs Kings

Created - January 31, 2024 at 21:40

Goals
1 2 3 T
BlackHawks 0 1 1 2
Kings 2 1 1 4
Shots
1 2 3 T
BlackHawks 8 6 4 18
Kings 15 14 16 45

GoalsPenalties
1st period
1. Kings , David Krejci 2 (Brandon Saad 15, Mattias Ekholm 22) at 9:04
2. Kings , Evander Kane 12 (Rasmus Ristolainen 10, Jeff Carter 6) at 16:35
Braden Schneider (CHI) for Tripping (Minor) at 1:18
Braden Schneider (CHI) for Hooking (Minor) at 11:19
2nd period
3. Kings , Mattias Ekholm 6 (Brandon Saad 16, David Krejci 2) at 2:51
4. BlackHawks , Ivan Barbashev 24 (Anders Lee 22, Nick Leddy 16) at 5:55
Derek Forbort (CHI) for Hooking (Minor) at 8:47
Joel Edmundson (LOS) for Roughing (Minor) at 12:42
3rd period
5. BlackHawks , Anders Lee 15 (Ivan Barbashev 29, Max Domi 16) at 0:58
6. Kings , Evander Kane 13 (Nick Jensen 10, Jeff Carter 7) at 4:39
Tyler Motte (LOS) for Goalie Interference (Minor) at 14:10
Derek Forbort (CHI) for Hooking (Minor) at 19:05
Goalie Stats
Casey DeSmith (CHI), 41 saves from 45 shots - (0.911), L, 2-6-4, 60:00 minutes
Pavel Francouz (LOS), 16 saves from 18 shots - (0.889), W, 1-0-0, 60:00 minutes
3 StarsOfficial
1 - Evander Kane (LOS)
2 - Mattias Ekholm (LOS)
3 - David Krejci (LOS)
Referees : Chris Schlenker and Peter MacDougall
Linesman : Luke Galvin and Brian Murphy
Game Note
No Game Note
Finance
Level 1 -- Attendance: 6196 (95.32%) -- Ticket Income $588,620
Level 2 -- Attendance: 4744 (94.88%) -- Ticket Income $355,800
Level 3 -- Attendance: 3072 (87.77%) -- Ticket Income $168,960
Level 4 -- Attendance: 2118 (100.00%) -- Ticket Income $84,720
Luxury Box -- Attendance: 972 (97.20%) -- Ticket Income $218,700
Game was played at the Staples Center.
Total Attendance: 17102 (94.39%)
Total Ticket Income: $1,416,800
Other Income: $354,200
Total Income: $1,771,000



Team Name Goals Shots Shots Attemp Shots Blocked PIM HIT PP PK FO%
BlackHawks 21839108160 / 2 (0%)051%
Kings 4458274230 / 4 (0%)049%

BlackHawks
Player Name POS G A P +/- PIM HIT SHT SB MP PP MP PP SHT PK MP PK SHT FO% FOT
Anders LeeLW1120013017:342:1500:0000% 1
Andrei KuzmenkoLW000-1001213:051:4310:0000% 0
Braden SchneiderD0000421120:071:5711:5300% 0
Derek ForbortD000-1441024:262:0112:0500% 0
Evgeny KuznetsovC0000002026:341:4203:57047% 38
Ivan BarbashevC1120022017:161:5710:00048% 23
Jaden SchwartzC000-101105:470:5200:00050% 4
Jordan MartinookLW000-1000216:210:0003:5100% 0
Justin BraunD000-1000114:230:0001:5300% 0
Kirill KaprizovLW0000012017:540:1900:0000% 1
Marc-Edouard VlasicD0000001022:041:5714:1900% 0
Max DomiC0110012015:190:0000:0000% 1
Nick LeddyD011-1020326:262:0103:3200% 0
Nick RitchieLW0000000018:491:2400:0000% 0
Ryan DonatoC000-100002:130:0000:380100% 1
Sonny MilanoLW000-100007:430:0002:3800% 0
Ty DellandreaC000-1020114:000:0002:3800% 1
Tyler SeguinC000-1002013:041:4200:00079% 14
Kings
Player Name POS G A P +/- PIM HIT SHT SB MP PP MP PP SHT PK MP PK SHT FO% FOT
Brandon SaadLW0222015019:584:0501:42033% 3
Cole SillingerC000000006:090:0001:47045% 11
Conor ShearyLW000-1028115:530:0000:4500% 2
David KrejciC1122004018:164:0510:00042% 26
David SavardD0002040023:373:3702:2100% 0
Derek RyanC000-1013115:280:0000:20050% 16
Evander KaneLW2021063018:162:4600:0000% 1
Ilya MikheyevRW0001008018:162:4620:000100% 2
Jason DickinsonC000-1011016:590:0001:51033% 3
Jeff CarterC0221001118:162:4600:00065% 20
Joel EdmundsonD0000232219:063:1411:0900% 0
Kirill MarchenkoRW0002001018:164:0500:0000% 0
Mattias EkholmD1122015023:103:3711:5400% 0
Mike ReillyD0000010016:480:0000:0000% 0
Nick JensenD0110000120:223:1402:2400% 0
Rasmus RistolainenD0110021116:560:0000:0800% 0
Samuel FagemoLW000000104:220:0000:0000% 0
Tyler MotteC000021205:520:0001:3100% 0



Play-by-Play

1st period


0:01 of 1st period - Jeff Carter wins face-off versus Evgeny Kuznetsov in neutral zone.
0:24 of 1st period - Shot by Evander Kane.
0:24 of 1st period - Shot Misses the Net.
0:26 of 1st period - Shot by Ilya Mikheyev.
0:26 of 1st period - Shot Misses the Net.
0:53 of 1st period - Icing by Nick Leddy.
0:54 of 1st period - Derek Ryan wins face-off versus Evgeny Kuznetsov in BlackHawks zone.
0:57 of 1st period - Shot by Conor Sheary.
0:57 of 1st period - Stopped by Casey DeSmith with a rebound.
0:59 of 1st period - Shot by Jason Dickinson.
0:59 of 1st period - Shot Misses the Net.
1:01 of 1st period - Shot by Rasmus Ristolainen.
1:01 of 1st period - Shot Misses the Net.
1:18 of 1st period - Minor Penalty to Braden Schneider for Tripping.
1:19 of 1st period - Ryan Donato wins face-off versus David Krejci in BlackHawks zone.
1:49 of 1st period - Icing by Joel Edmundson.
1:50 of 1st period - Evgeny Kuznetsov wins face-off versus David Krejci in Kings zone.
2:13 of 1st period - Shot by Evgeny Kuznetsov.
2:13 of 1st period - Deflect By Jordan Martinook.
2:13 of 1st period - Shot Misses the Net.
3:14 of 1st period - Shot by Mattias Ekholm.
3:14 of 1st period - Shot Misses the Net.
3:16 of 1st period - Shot by Ilya Mikheyev.
3:16 of 1st period - Stopped by Casey DeSmith without a rebound.
3:17 of 1st period - David Krejci wins face-off versus Evgeny Kuznetsov in BlackHawks zone.
3:34 of 1st period - Shot by Conor Sheary.
3:34 of 1st period - Stopped by Casey DeSmith without a rebound.
3:35 of 1st period - Cole Sillinger wins face-off versus Evgeny Kuznetsov in BlackHawks zone.
3:46 of 1st period - Shot by Evgeny Kuznetsov.
3:46 of 1st period - Stopped by Pavel Francouz with a rebound.
3:49 of 1st period - Icing by Tyler Motte.
3:50 of 1st period - Cole Sillinger wins face-off versus Ivan Barbashev in Kings zone.
4:07 of 1st period - Off-side.
4:08 of 1st period - Tyler Seguin wins face-off versus David Krejci in neutral zone.
4:40 of 1st period - Shot by Tyler Seguin.
4:40 of 1st period - Stopped by Pavel Francouz without a rebound.
4:41 of 1st period - Ivan Barbashev wins face-off versus Derek Ryan in Kings zone.
4:42 of 1st period - Shot by Marc-Edouard Vlasic.
4:42 of 1st period - Shot Misses the Net.
4:53 of 1st period - Anders Lee is hit by David Savard and loses puck.
5:39 of 1st period - Icing by Jeff Carter.
5:40 of 1st period - Jeff Carter wins face-off versus Evgeny Kuznetsov in Kings zone.
6:16 of 1st period - Shot by Evgeny Kuznetsov.
6:16 of 1st period - Shot Misses the Net.
6:18 of 1st period - Shot by Evgeny Kuznetsov.
6:18 of 1st period - Deflect By Kirill Kaprizov.
6:18 of 1st period - Shot Blocked by Jeff Carter.
6:48 of 1st period - Shot by Tyler Seguin.
6:48 of 1st period - Stopped by Pavel Francouz without a rebound.
6:49 of 1st period - Ivan Barbashev wins face-off versus David Krejci in Kings zone.
6:49 of 1st period - Ivan Barbashev is hit by Mattias Ekholm.
6:59 of 1st period - Shot by Anders Lee.
6:59 of 1st period - Stopped by Pavel Francouz without a rebound.
7:00 of 1st period - Tyler Seguin wins face-off versus Derek Ryan in Kings zone.
7:09 of 1st period - Ty Dellandrea is hit by Jason Dickinson and loses puck.
8:16 of 1st period - Icing by Braden Schneider.
8:17 of 1st period - Evgeny Kuznetsov wins face-off versus Jeff Carter in BlackHawks zone.
8:17 of 1st period - Evgeny Kuznetsov is hit by Evander Kane.
8:30 of 1st period - Kirill Kaprizov is hit by Joel Edmundson and loses puck.
8:40 of 1st period - Evgeny Kuznetsov is hit by Joel Edmundson and loses puck.
8:51 of 1st period - Shot by Kirill Kaprizov.
8:51 of 1st period - Stopped by Pavel Francouz without a rebound.
8:52 of 1st period - Jaden Schwartz wins face-off versus David Krejci in Kings zone.
8:52 of 1st period - Jaden Schwartz is hit by David Savard.
9:04 of 1st period - Shot by Brandon Saad.
9:04 of 1st period - Deflect By David Krejci.
9:04 of 1st period - Goal by David Krejci - BlackHawks : 0 - Kings : 1.
9:05 of 1st period - Cole Sillinger wins face-off versus Ivan Barbashev in neutral zone.
9:32 of 1st period - Shot by Max Domi.
9:32 of 1st period - Stopped by Pavel Francouz without a rebound.
9:33 of 1st period - David Krejci wins face-off versus Jaden Schwartz in Kings zone.
9:33 of 1st period - David Krejci is hit by Jaden Schwartz.
10:36 of 1st period - Nick Jensen is hit by Derek Forbort and loses puck.
10:39 of 1st period - Shot by Jason Dickinson.
10:39 of 1st period - Shot Misses the Net.
10:41 of 1st period - Shot by Conor Sheary.
10:41 of 1st period - Stopped by Casey DeSmith with a rebound.
10:43 of 1st period - Shot by Jason Dickinson.
10:43 of 1st period - Stopped by Casey DeSmith without a rebound.
10:44 of 1st period - Tyler Seguin wins face-off versus Jeff Carter in BlackHawks zone.
10:44 of 1st period - Tyler Seguin is hit by Evander Kane.
11:07 of 1st period - Andrei Kuzmenko is hit by Evander Kane and loses puck.
11:12 of 1st period - Shot by Ilya Mikheyev.
11:12 of 1st period - Stopped by Casey DeSmith with a rebound.
11:14 of 1st period - Shot by Jeff Carter.
11:14 of 1st period - Shot Misses the Net.
11:16 of 1st period - Shot by Jeff Carter.
11:16 of 1st period - Shot Blocked by Andrei Kuzmenko.
11:18 of 1st period - Shot by Evander Kane.
11:18 of 1st period - Shot Blocked by Andrei Kuzmenko.
11:19 of 1st period - Minor Penalty to Braden Schneider for Hooking.
11:20 of 1st period - Evgeny Kuznetsov wins face-off versus Brandon Saad in BlackHawks zone.
11:26 of 1st period - Icing by Mattias Ekholm.
11:27 of 1st period - David Krejci wins face-off versus Evgeny Kuznetsov in Kings zone.
11:40 of 1st period - Shot by David Krejci.
11:40 of 1st period - Shot Misses the Net.
11:50 of 1st period - Shot by David Krejci.
11:50 of 1st period - Stopped by Casey DeSmith without a rebound.
11:51 of 1st period - Evgeny Kuznetsov wins face-off versus Jeff Carter in BlackHawks zone.
13:17 of 1st period - Shot by Mattias Ekholm.
13:17 of 1st period - Stopped by Casey DeSmith with a rebound.
13:25 of 1st period - Shot by Jason Dickinson.
13:25 of 1st period - Shot Blocked by Nick Leddy.
13:35 of 1st period - Shot by Max Domi.
13:35 of 1st period - Shot Misses the Net.
13:41 of 1st period - Shot by Ivan Barbashev.
13:41 of 1st period - Shot Blocked by Conor Sheary.
13:49 of 1st period - Shot by Max Domi.
13:49 of 1st period - Stopped by Pavel Francouz without a rebound.
13:50 of 1st period - Tyler Seguin wins face-off versus Cole Sillinger in Kings zone.
14:05 of 1st period - Shot by David Savard.
14:05 of 1st period - Shot Misses the Net.
14:07 of 1st period - Shot by Tyler Motte.
14:07 of 1st period - Stopped by Casey DeSmith without a rebound.
14:08 of 1st period - David Krejci wins face-off versus Ivan Barbashev in BlackHawks zone.
14:21 of 1st period - Icing by Marc-Edouard Vlasic.
14:22 of 1st period - Jeff Carter wins face-off versus Ivan Barbashev in BlackHawks zone.
14:25 of 1st period - Shot by Ilya Mikheyev.
14:25 of 1st period - Shot Misses the Net.
14:27 of 1st period - Shot by Ilya Mikheyev.
14:27 of 1st period - Shot Misses the Net.
14:29 of 1st period - Shot by Mattias Ekholm.
14:29 of 1st period - Stopped by Casey DeSmith without a rebound.
14:30 of 1st period - Evgeny Kuznetsov wins face-off versus David Krejci in BlackHawks zone.
14:38 of 1st period - Kirill Kaprizov is hit by Joel Edmundson and loses puck.
15:13 of 1st period - Shot by Kirill Kaprizov.
15:13 of 1st period - Shot Blocked by Joel Edmundson.
15:22 of 1st period - Joel Edmundson is hit by Braden Schneider and loses puck.
15:30 of 1st period - Icing by Ivan Barbashev.
15:31 of 1st period - Ivan Barbashev wins face-off versus Conor Sheary in BlackHawks zone.
15:38 of 1st period - Derek Ryan is hit by Max Domi and loses puck.
16:31 of 1st period - Shot by Evander Kane.
16:31 of 1st period - Shot Misses the Net.
16:35 of 1st period - Shot by Evander Kane.
16:35 of 1st period - Goal by Evander Kane - BlackHawks : 0 - Kings : 2.
16:36 of 1st period - Evgeny Kuznetsov wins face-off versus Cole Sillinger in neutral zone.
16:47 of 1st period - Shot by Evgeny Kuznetsov.
16:47 of 1st period - Stopped by Pavel Francouz with a rebound.
17:04 of 1st period - Icing by Nick Leddy.
17:05 of 1st period - Evgeny Kuznetsov wins face-off versus David Krejci in BlackHawks zone.
17:30 of 1st period - Shot by Brandon Saad.
17:30 of 1st period - Stopped by Casey DeSmith without a rebound.
17:31 of 1st period - Jeff Carter wins face-off versus Tyler Seguin in BlackHawks zone.
17:46 of 1st period - Shot by Ilya Mikheyev.
17:46 of 1st period - Shot Blocked by Ty Dellandrea.
18:23 of 1st period - Icing by Tyler Seguin.
18:24 of 1st period - Tyler Seguin wins face-off versus Brandon Saad in BlackHawks zone.
18:41 of 1st period - Shot by David Krejci.
18:41 of 1st period - Stopped by Casey DeSmith without a rebound.
18:42 of 1st period - Evgeny Kuznetsov wins face-off versus Derek Ryan in BlackHawks zone.
19:21 of 1st period - Conor Sheary is hit by Nick Leddy and loses puck.
19:35 of 1st period - Evgeny Kuznetsov is hit by David Savard and loses puck.
19:48 of 1st period - Shot by Mattias Ekholm.
19:48 of 1st period - Stopped by Casey DeSmith without a rebound.
19:49 of 1st period - Ivan Barbashev wins face-off versus Jeff Carter in BlackHawks zone.
19:58 of 1st period - Shot by Anders Lee.
19:58 of 1st period - Shot Misses the Net.
Goals for this period are 0 for BlackHawks vs 2 for Kings.
Shots for this period are 8 for BlackHawks vs 15 for Kings.

2nd period


0:01 of 2nd period - Jeff Carter wins face-off versus Evgeny Kuznetsov in neutral zone.
0:31 of 2nd period - Nick Leddy is hit by Evander Kane and loses puck.
0:35 of 2nd period - Derek Forbort is hit by Evander Kane and loses puck.
1:12 of 2nd period - Shot by Max Domi.
1:12 of 2nd period - Shot Misses the Net.
1:28 of 2nd period - Shot by Kirill Marchenko.
1:28 of 2nd period - Shot Misses the Net.
1:30 of 2nd period - Shot by Brandon Saad.
1:30 of 2nd period - Stopped by Casey DeSmith without a rebound.
1:31 of 2nd period - Jaden Schwartz wins face-off versus Conor Sheary in BlackHawks zone.
1:52 of 2nd period - Shot by Jaden Schwartz.
1:52 of 2nd period - Shot Blocked by Rasmus Ristolainen.
1:54 of 2nd period - Shot by Jaden Schwartz.
1:54 of 2nd period - Stopped by Pavel Francouz with a rebound.
2:43 of 2nd period - Shot by Cole Sillinger.
2:43 of 2nd period - Shot Misses the Net.
2:45 of 2nd period - Shot by Tyler Motte.
2:45 of 2nd period - Stopped by Casey DeSmith without a rebound.
2:46 of 2nd period - David Krejci wins face-off versus Ivan Barbashev in BlackHawks zone.
2:51 of 2nd period - Shot by Mattias Ekholm.
2:51 of 2nd period - Goal by Mattias Ekholm - BlackHawks : 0 - Kings : 3.
2:52 of 2nd period - David Krejci wins face-off versus Ivan Barbashev in neutral zone.
2:52 of 2nd period - Brandon Saad is hit by Anders Lee and loses puck.
3:08 of 2nd period - Off-side.
3:09 of 2nd period - Tyler Seguin wins face-off versus Jeff Carter in neutral zone.
3:12 of 2nd period - Shot by Andrei Kuzmenko.
3:12 of 2nd period - Shot Blocked by Nick Jensen.
3:30 of 2nd period - Shot by Jeff Carter.
3:30 of 2nd period - Deflect By Evander Kane.
3:30 of 2nd period - Shot Misses the Net.
3:32 of 2nd period - Shot by Ilya Mikheyev.
3:32 of 2nd period - Shot Misses the Net.
3:36 of 2nd period - Shot by Evander Kane.
3:36 of 2nd period - Stopped by Casey DeSmith without a rebound.
3:37 of 2nd period - David Krejci wins face-off versus Ivan Barbashev in BlackHawks zone.
4:38 of 2nd period - Icing by Braden Schneider.
4:39 of 2nd period - Derek Ryan wins face-off versus Evgeny Kuznetsov in BlackHawks zone.
5:03 of 2nd period - Icing by Nick Ritchie.
5:04 of 2nd period - Jeff Carter wins face-off versus Evgeny Kuznetsov in BlackHawks zone.
5:13 of 2nd period - Shot by Ilya Mikheyev.
5:13 of 2nd period - Shot Blocked by Braden Schneider.
5:21 of 2nd period - Shot by Ilya Mikheyev.
5:21 of 2nd period - Stopped by Casey DeSmith without a rebound.
5:22 of 2nd period - Derek Ryan wins face-off versus Ivan Barbashev in BlackHawks zone.
5:55 of 2nd period - Shot by Ivan Barbashev.
5:55 of 2nd period - Goal by Ivan Barbashev - BlackHawks : 1 - Kings : 3.
5:56 of 2nd period - Ilya Mikheyev wins face-off versus Evgeny Kuznetsov in neutral zone.
6:25 of 2nd period - Shot by Mattias Ekholm.
6:25 of 2nd period - Stopped by Casey DeSmith without a rebound.
6:26 of 2nd period - David Krejci wins face-off versus Tyler Seguin in BlackHawks zone.
6:42 of 2nd period - Shot by David Krejci.
6:42 of 2nd period - Shot Blocked by Nick Leddy.
7:32 of 2nd period - Shot by Conor Sheary.
7:32 of 2nd period - Shot Misses the Net.
7:34 of 2nd period - Shot by Conor Sheary.
7:34 of 2nd period - Stopped by Casey DeSmith without a rebound.
7:35 of 2nd period - Evgeny Kuznetsov wins face-off versus Jeff Carter in BlackHawks zone.
7:57 of 2nd period - Shot by Ilya Mikheyev.
7:57 of 2nd period - Stopped by Casey DeSmith without a rebound.
7:58 of 2nd period - Derek Ryan wins face-off versus Anders Lee in BlackHawks zone.
7:58 of 2nd period - Mattias Ekholm is hit by Braden Schneider and loses puck.
8:03 of 2nd period - Shot by Conor Sheary.
8:03 of 2nd period - Stopped by Casey DeSmith without a rebound.
8:04 of 2nd period - Derek Ryan wins face-off versus Ivan Barbashev in BlackHawks zone.
8:13 of 2nd period - Mattias Ekholm is hit by Ivan Barbashev and loses puck.
8:30 of 2nd period - Shot by Conor Sheary.
8:30 of 2nd period - Stopped by Casey DeSmith without a rebound.
8:31 of 2nd period - Jeff Carter wins face-off versus Evgeny Kuznetsov in BlackHawks zone.
8:36 of 2nd period - Shot by Ilya Mikheyev.
8:36 of 2nd period - Shot Misses the Net.
8:47 of 2nd period - Minor Penalty to Derek Forbort for Hooking.
8:48 of 2nd period - David Krejci wins face-off versus Evgeny Kuznetsov in BlackHawks zone.
9:56 of 2nd period - Shot by Joel Edmundson.
9:56 of 2nd period - Stopped by Casey DeSmith without a rebound.
9:57 of 2nd period - Jeff Carter wins face-off versus Ty Dellandrea in BlackHawks zone.
9:58 of 2nd period - Shot by Ilya Mikheyev.
9:58 of 2nd period - Shot Misses the Net.
10:00 of 2nd period - Shot by Jeff Carter.
10:00 of 2nd period - Deflect By Ilya Mikheyev.
10:00 of 2nd period - Stopped by Casey DeSmith with a rebound.
10:39 of 2nd period - Icing by Nick Jensen.
10:40 of 2nd period - Evgeny Kuznetsov wins face-off versus Jeff Carter in Kings zone.
10:56 of 2nd period - Icing by Jordan Martinook.
10:57 of 2nd period - Ivan Barbashev wins face-off versus David Krejci in BlackHawks zone.
11:30 of 2nd period - Shot by Brandon Saad.
11:30 of 2nd period - Stopped by Casey DeSmith without a rebound.
11:31 of 2nd period - Derek Ryan wins face-off versus Evgeny Kuznetsov in BlackHawks zone.
12:42 of 2nd period - Minor Penalty to Joel Edmundson for Roughing.
12:43 of 2nd period - Ivan Barbashev wins face-off versus Cole Sillinger in Kings zone.
12:44 of 2nd period - Shot by Marc-Edouard Vlasic.
12:44 of 2nd period - Shot Misses the Net.
12:54 of 2nd period - Shot by Braden Schneider.
12:54 of 2nd period - Stopped by Pavel Francouz without a rebound.
12:55 of 2nd period - Jason Dickinson wins face-off versus Evgeny Kuznetsov in Kings zone.
13:20 of 2nd period - Shot by Derek Forbort.
13:20 of 2nd period - Stopped by Pavel Francouz without a rebound.
13:21 of 2nd period - Ivan Barbashev wins face-off versus Cole Sillinger in Kings zone.
13:36 of 2nd period - Shot by Andrei Kuzmenko.
13:36 of 2nd period - Stopped by Pavel Francouz with a rebound.
13:42 of 2nd period - Shot by Ivan Barbashev.
13:42 of 2nd period - Shot Misses the Net.
13:44 of 2nd period - Shot by Andrei Kuzmenko.
13:44 of 2nd period - Shot Misses the Net.
13:46 of 2nd period - Shot by Marc-Edouard Vlasic.
13:46 of 2nd period - Stopped by Pavel Francouz without a rebound.
13:47 of 2nd period - Evgeny Kuznetsov wins face-off versus Jason Dickinson in Kings zone.
14:25 of 2nd period - Shot by Evgeny Kuznetsov.
14:25 of 2nd period - Shot Misses the Net.
14:59 of 2nd period - Shot by Jeff Carter.
14:59 of 2nd period - Shot Blocked by Justin Braun.
15:10 of 2nd period - Off-side.
15:11 of 2nd period - Ivan Barbashev wins face-off versus David Krejci in neutral zone.
15:41 of 2nd period - Shot by Brandon Saad.
15:41 of 2nd period - Shot Misses the Net.
15:54 of 2nd period - Icing by Brandon Saad.
15:55 of 2nd period - David Krejci wins face-off versus Evgeny Kuznetsov in Kings zone.
15:55 of 2nd period - Nick Jensen is hit by Kirill Kaprizov and loses puck.
16:47 of 2nd period - Icing by Ilya Mikheyev.
16:48 of 2nd period - Jeff Carter wins face-off versus Tyler Seguin in Kings zone.
16:48 of 2nd period - Jeff Carter is hit by Ty Dellandrea.
17:06 of 2nd period - Tyler Seguin is hit by David Savard and loses puck.
17:17 of 2nd period - Shot by Andrei Kuzmenko.
17:17 of 2nd period - Shot Misses the Net.
18:00 of 2nd period - Shot by Jason Dickinson.
18:00 of 2nd period - Shot Blocked by Jordan Martinook.
18:22 of 2nd period - Shot by Derek Ryan.
18:22 of 2nd period - Stopped by Casey DeSmith without a rebound.
18:23 of 2nd period - Evgeny Kuznetsov wins face-off versus David Krejci in BlackHawks zone.
18:42 of 2nd period - Shot by Kirill Kaprizov.
18:42 of 2nd period - Shot Misses the Net.
18:55 of 2nd period - Brandon Saad is hit by Derek Forbort and loses puck.
Goals for this period are 1 for BlackHawks vs 1 for Kings.
Shots for this period are 6 for BlackHawks vs 14 for Kings.

3rd period


0:01 of 3rd period - Derek Ryan wins face-off versus Evgeny Kuznetsov in neutral zone.
0:18 of 3rd period - Shot by Derek Ryan.
0:18 of 3rd period - Shot Misses the Net.
0:20 of 3rd period - Shot by Conor Sheary.
0:20 of 3rd period - Stopped by Casey DeSmith without a rebound.
0:21 of 3rd period - Jeff Carter wins face-off versus Max Domi in BlackHawks zone.
0:34 of 3rd period - Shot by Evander Kane.
0:34 of 3rd period - Shot Misses the Net.
0:56 of 3rd period - Shot by Ivan Barbashev.
0:56 of 3rd period - Shot Blocked by Joel Edmundson.
0:58 of 3rd period - Shot by Anders Lee.
0:58 of 3rd period - Goal by Anders Lee - BlackHawks : 2 - Kings : 3.
0:59 of 3rd period - Derek Ryan wins face-off versus Evgeny Kuznetsov in neutral zone.
1:03 of 3rd period - Conor Sheary is hit by Nick Leddy and loses puck.
1:59 of 3rd period - Off-side.
2:00 of 3rd period - Jeff Carter wins face-off versus Ivan Barbashev in neutral zone.
2:38 of 3rd period - Shot by Ilya Mikheyev.
2:38 of 3rd period - Stopped by Casey DeSmith without a rebound.
2:39 of 3rd period - Evgeny Kuznetsov wins face-off versus David Krejci in BlackHawks zone.
3:45 of 3rd period - Shot by Conor Sheary.
3:45 of 3rd period - Shot Misses the Net.
4:37 of 3rd period - Shot by Nick Jensen.
4:37 of 3rd period - Shot Blocked by Nick Leddy.
4:39 of 3rd period - Shot by Evander Kane.
4:39 of 3rd period - Goal by Evander Kane - BlackHawks : 2 - Kings : 4.
4:40 of 3rd period - Cole Sillinger wins face-off versus Ivan Barbashev in neutral zone.
4:43 of 3rd period - Shot by Samuel Fagemo.
4:43 of 3rd period - Stopped by Casey DeSmith without a rebound.
4:44 of 3rd period - Ilya Mikheyev wins face-off versus Evgeny Kuznetsov in BlackHawks zone.
6:38 of 3rd period - Off-side.
6:39 of 3rd period - Tyler Seguin wins face-off versus Derek Ryan in neutral zone.
6:44 of 3rd period - Conor Sheary is hit by Ty Dellandrea and loses puck.
6:48 of 3rd period - Icing by Nick Jensen.
6:49 of 3rd period - Ivan Barbashev wins face-off versus Derek Ryan in Kings zone.
6:50 of 3rd period - Shot by Anders Lee.
6:50 of 3rd period - Shot Misses the Net.
7:00 of 3rd period - Ivan Barbashev is hit by Derek Ryan and loses puck.
7:33 of 3rd period - Ivan Barbashev is hit by Conor Sheary and loses puck.
8:06 of 3rd period - Shot by Ilya Mikheyev.
8:06 of 3rd period - Shot Blocked by Jordan Martinook.
8:08 of 3rd period - Shot by Ilya Mikheyev.
8:08 of 3rd period - Stopped by Casey DeSmith without a rebound.
8:09 of 3rd period - Tyler Seguin wins face-off versus David Krejci in BlackHawks zone.
8:16 of 3rd period - Shot by Brandon Saad.
8:16 of 3rd period - Stopped by Casey DeSmith without a rebound.
8:17 of 3rd period - Tyler Seguin wins face-off versus David Krejci in BlackHawks zone.
8:27 of 3rd period - Off-side.
8:28 of 3rd period - Jeff Carter wins face-off versus Kirill Kaprizov in neutral zone.
8:33 of 3rd period - Shot by Ilya Mikheyev.
8:33 of 3rd period - Shot Misses the Net.
8:35 of 3rd period - Shot by Jeff Carter.
8:35 of 3rd period - Stopped by Casey DeSmith with a rebound.
8:37 of 3rd period - Shot by Ilya Mikheyev.
8:37 of 3rd period - Shot Misses the Net.
8:41 of 3rd period - Shot by Evander Kane.
8:41 of 3rd period - Shot Misses the Net.
8:53 of 3rd period - Shot by Ilya Mikheyev.
8:53 of 3rd period - Stopped by Casey DeSmith with a rebound.
8:55 of 3rd period - Shot by Joel Edmundson.
8:55 of 3rd period - Stopped by Casey DeSmith without a rebound.
8:56 of 3rd period - Ivan Barbashev wins face-off versus Derek Ryan in BlackHawks zone.
9:39 of 3rd period - Shot by Derek Ryan.
9:39 of 3rd period - Stopped by Casey DeSmith without a rebound.
9:40 of 3rd period - Evgeny Kuznetsov wins face-off versus David Krejci in BlackHawks zone.
10:06 of 3rd period - Icing by Evgeny Kuznetsov.
10:07 of 3rd period - Evgeny Kuznetsov wins face-off versus Evander Kane in BlackHawks zone.
10:07 of 3rd period - Evgeny Kuznetsov is hit by Evander Kane.
10:55 of 3rd period - Ivan Barbashev is hit by Rasmus Ristolainen and loses puck.
11:53 of 3rd period - Shot by Brandon Saad.
11:53 of 3rd period - Deflect By Kirill Marchenko.
11:53 of 3rd period - Stopped by Casey DeSmith without a rebound.
11:54 of 3rd period - Tyler Seguin wins face-off versus Derek Ryan in BlackHawks zone.
11:54 of 3rd period - Ty Dellandrea is hit by Conor Sheary and loses puck.
11:59 of 3rd period - Shot by Conor Sheary.
11:59 of 3rd period - Stopped by Casey DeSmith without a rebound.
12:00 of 3rd period - Tyler Seguin wins face-off versus Derek Ryan in BlackHawks zone.
13:21 of 3rd period - Shot by Brandon Saad.
13:21 of 3rd period - Stopped by Casey DeSmith without a rebound.
13:22 of 3rd period - Evgeny Kuznetsov wins face-off versus Cole Sillinger in BlackHawks zone.
13:22 of 3rd period - Evgeny Kuznetsov is hit by Tyler Motte.
13:31 of 3rd period - Nick Leddy is hit by Mike Reilly and loses puck.
13:51 of 3rd period - Kirill Kaprizov is hit by Rasmus Ristolainen.
14:08 of 3rd period - Tyler Motte is hit by Derek Forbort and loses puck.
14:10 of 3rd period - Minor Penalty to Tyler Motte for Goalie Interference.
14:11 of 3rd period - Ivan Barbashev wins face-off versus Jason Dickinson in Kings zone.
14:22 of 3rd period - Shot by Ivan Barbashev.
14:22 of 3rd period - Stopped by Pavel Francouz with a rebound.
15:35 of 3rd period - Brandon Saad is hit by Ivan Barbashev and loses puck.
16:16 of 3rd period - Shot by Ryan Donato.
16:16 of 3rd period - Shot Misses the Net.
16:19 of 3rd period - Icing by Mike Reilly.
16:20 of 3rd period - Jeff Carter wins face-off versus Jaden Schwartz in Kings zone.
17:26 of 3rd period - Shot by Derek Ryan.
17:26 of 3rd period - Stopped by Casey DeSmith with a rebound.
18:08 of 3rd period - Shot by Anders Lee.
18:08 of 3rd period - Shot Blocked by Derek Ryan.
18:18 of 3rd period - Shot by Anders Lee.
18:18 of 3rd period - Stopped by Pavel Francouz without a rebound.
18:19 of 3rd period - Evgeny Kuznetsov wins face-off versus Cole Sillinger in Kings zone.
18:20 of 3rd period - Shot by Kirill Kaprizov.
18:20 of 3rd period - Stopped by Pavel Francouz without a rebound.
18:21 of 3rd period - Brandon Saad wins face-off versus Evgeny Kuznetsov in Kings zone.
18:25 of 3rd period - Off-side.
18:26 of 3rd period - David Krejci wins face-off versus Evgeny Kuznetsov in neutral zone.
18:39 of 3rd period - Shot by David Krejci.
18:39 of 3rd period - Stopped by Casey DeSmith without a rebound.
18:40 of 3rd period - Cole Sillinger wins face-off versus Ivan Barbashev in BlackHawks zone.
18:40 of 3rd period - Cole Sillinger is hit by Derek Forbort.
19:02 of 3rd period - Shot by Tyler Motte.
19:02 of 3rd period - Shot Hit the Post.
19:04 of 3rd period - Shot by Rasmus Ristolainen.
19:04 of 3rd period - Stopped by Casey DeSmith with a rebound.
19:05 of 3rd period - Minor Penalty to Derek Forbort for Hooking.
19:06 of 3rd period - Evgeny Kuznetsov wins face-off versus David Krejci in BlackHawks zone.
19:42 of 3rd period - Nick Leddy is hit by Brandon Saad and loses puck.
Goals for this period are 1 for BlackHawks vs 1 for Kings.
Shots for this period are 4 for BlackHawks vs 16 for Kings.